[Event "Titled Tuesday Blitz March 01 Early 2022"]
[White "Alavi, Sayed Javad"]
[Black "Thomas, Anysia"]
[WhiteFideId "12500607"]
[BlackFideId "670472"]
[WhiteElo "2475"]
[BlackElo "2002"]
[Result "1-0"]
[Round "02"]
[TimeControl "180+1"]
[Date "2022.03.01"]
[WhiteClock "0:01:24"]
[BlackClock "0:00:11"]

1. e4 c5 2. Nf3 g6 3. c3 d5 4. exd5 Qxd5 5. d4 Bg7 6. dxc5 Qxc5 7. Be3 Qa5 8. Bc4 Nf6 9. O-O O-O 10. h3 Nc6 11. Nbd2 Bf5 12. a4 Rad8 13. Re1 Bd3 14. Qb3 Bxc4 15. Nxc4 Qc7 16. a5 Nd5 17. Bc5 Rfe8 18. Red1 Ne5 19. Ncxe5 Qxc5 20. Nxf7 Kxf7 21. Ng5+ Kf6 22. Ne4+ Kf7 23. Nxc5 1-0


[Site "https://www.chess.com"]

[Event "Titled Tuesday Blitz March 01 Early 2022"]
[White "Alavkin, Arseny"]
[Black "Kejzar, Petra"]
[WhiteFideId "4120612"]
[BlackFideId "14610213"]
[WhiteElo "2391"]
[BlackElo "2006"]
[Result "1-0"]
[Round "02"]
[TimeControl "180+1"]
[Date "2022.03.01"]
[WhiteClock "0:01:55"]
[BlackClock "0:00:34"]

1. d4 Nf6 2. c4 e6 3. Nf3 d5 4. Nc3 Bb4 5. Qa4+ Nc6 6. a3 Bxc3+ 7. bxc3 O-O 8. Bf4 Bd7 9. Qc2 Na5 10. cxd5 exd5 11. e3 Qe8 12. Rb1 Ba4 13. Qf5 Qc8 14. Qxc8 Raxc8 15. Bd3 c5 16. dxc5 Ne4 17. Bxe4 dxe4 18. Nd4 Rfe8 19. Bd6 Nc4 20. Rb4 Nxd6 21. cxd6 Rxc3 22. O-O Bc6 23. Nxc6 bxc6 24. Rd1 Rxa3 25. d7 Rd8 26. Rb8 1-0


[Site "https://www.chess.com"]

[Event "Titled Tuesday Blitz March 01 Early 2022"]
[White "Aldokhin, Ivan"]
[Black "Ardila, Oscar Humberto"]
[WhiteFideId "24115720"]
[BlackFideId "4404742"]
[WhiteElo "2231"]
[BlackElo "1898"]
[Result "1-0"]
[Round "02"]
[TimeControl "180+1"]
[Date "2022.03.01"]
[WhiteClock "0:00:40"]
[BlackClock "0:00:30"]

1. e4 e5 2. Nf3 Nc6 3. Bb5 Nf6 4. O-O Bc5 5. Nxe5 Bxf2+ 6. Rxf2 Nxe5 7. d4 Ng6 8. e5 Nd5 9. Qf3 O-O 10. Qxd5 c6 11. Qd6 cxb5 12. Nc3 b6 13. Nxb5 Bb7 14. c4 Rc8 15. b3 a6 16. Nc3 Rc6 17. Qb4 d6 18. d5 Rc5 19. exd6 Re8 20. Na4 a5 21. Qc3 Rc8 22. Ba3 b5 23. Nc5 Rxc5 24. Bxc5 Ba8 25. Re1 Rf8 26. d7 Qxd7 27. Bxf8 Nxf8 28. Qxa5 Bb7 29. Qxb5 Qc8 30. Re8 Qc7 31. Qb4 h6 32. Qxf8+ Kh7 33. Rxf7 Qb6+ 34. Kf1 Qd4 35. Rxg7+ Qxg7 36. Re7 1-0


[Site "https://www.chess.com"]

[Event "Titled Tuesday Blitz March 01 Early 2022"]
[White "Ambartsumova, Karina"]
[Black "Zierk, Steven"]
[WhiteFideId "4166299"]
[BlackFideId "2034255"]
[WhiteElo "2262"]
[BlackElo "2494"]
[Result "0-1"]
[Round "02"]
[TimeControl "180+1"]
[Date "2022.03.01"]
[WhiteClock "0:00:06"]
[BlackClock "0:00:21"]

1. d4 d5 2. c4 dxc4 3. Nf3 Nf6 4. Qa4+ c6 5. Qxc4 Bf5 6. Nc3 e6 7. Bg5 Be7 8. e3 Nbd7 9. Qb3 Qb6 10. Qxb6 axb6 11. Bc4 h6 12. Bh4 b5 13. Bb3 b4 14. Ne2 g5 15. Bg3 Ne4 16. Nd2 Nxd2 17. Kxd2 Kf8 18. f3 Kg7 19. e4 Bg6 20. Rhd1 h5 21. Bf2 h4 22. h3 Rhd8 23. Ke1 e5 24. Rac1 exd4 25. Bxd4+ Bf6 26. Bxf6+ Kxf6 27. Rd6+ Ke7 28. Rcd1 Ne5 29. Rxd8 Rxd8 30. Rxd8 Kxd8 31. Kd2 c5 32. Ke3 f6 33. Bd5 Kc7 34. Nc1 b6 35. Nb3 Be8 36. Nd2 Bb5 37. f4 Ng6 38. fxg5 fxg5 39. Kf3 Ne5+ 40. Ke3 Kd6 41. Bg8 c4 42. Kd4 c3 43. bxc3 Nc6+ 44. Ke3 bxc3 45. Nb3 Ke5 46. Bd5 Nb4 47. Bb7 Nxa2 48. Bd5 c2 49. Kd2 c1=Q+ 50. Nxc1 Nxc1 51. Kxc1 Bf1 0-1


[Site "https://www.chess.com"]

[Event "Titled Tuesday Blitz March 01 Early 2022"]
[White "Ankerst, Mihael"]
[Black "Gabdrakhmanov, Azat"]
[WhiteFideId "14602369"]
[BlackFideId "34189197"]
[WhiteElo "2356"]
[BlackElo "2279"]
[Result "0-1"]
[Round "02"]
[TimeControl "180+1"]
[Date "2022.03.01"]
[WhiteClock "0:00:27"]
[BlackClock "0:00:43"]

1. e4 c5 2. Nf3 e6 3. d4 cxd4 4. Nxd4 a6 5. c4 Qc7 6. Nc3 Nf6 7. Be2 Be7 8. O-O d6 9. Be3 Nbd7 10. f3 b6 11. Qd2 Bb7 12. Rfc1 Rc8 13. a4 O-O 14. a5 bxa5 15. Nb3 Qb8 16. Nxa5 Ba8 17. Na4 Bd8 18. b4 Ne5 19. c5 d5 20. Bxa6 Rc7 21. Bf4 Ra7 22. b5 Bc7 23. Bg5 dxe4 24. Bxf6 gxf6 25. f4 Nd3 26. g3 Nxc1 27. Rxc1 Rd8 28. Qc3 Rd3 29. Qe1 Rxa6 30. bxa6 Qb5 31. Nb6 Bxb6 32. cxb6 Qxb6+ 33. Kf1 Qxa6 34. Kg1 Qa7+ 35. Kf1 e3 36. Nc6 Bxc6 37. Rxc6 Qd4 38. Rc1 Rd2 39. Kg1 Qe4 40. Rd1 Qg2# 0-1


[Site "https://www.chess.com"]

[Event "Titled Tuesday Blitz March 01 Early 2022"]
[White "Aplommb"]
[Black "Silva, Mariana Sofia T."]
[BlackFideId "1911899"]
[WhiteElo "2389"]
[BlackElo "1825"]
[Result "1/2-1/2"]
[Round "02"]
[TimeControl "180+1"]
[Date "2022.03.01"]
[WhiteClock "0:00:06"]
[BlackClock "0:00:07"]

1. d4 Nf6 2. c4 e6 3. Nc3 Bb4 4. Qc2 O-O 5. e4 d5 6. e5 Ne4 7. Bd3 c5 8. Ne2 cxd4 9. Nxd4 Nc6 10. Nxc6 bxc6 11. Bxe4 dxe4 12. Qxe4 Bxc3+ 13. bxc3 Qa5 14. O-O Qxc3 15. Qxc6 Rb8 16. Bf4 Bb7 17. Qa4 Rfc8 18. Rac1 Qd4 19. Bg3 Qe4 20. f3 Qe3+ 21. Kh1 Rd8 22. Rfd1 Bxf3 23. gxf3 Qxf3+ 24. Kg1 Qe3+ 25. Bf2 Qxe5 26. Qxa7 Qg5+ 27. Bg3 h5 28. Qc7 h4 29. Rxd8+ Rxd8 30. Qf4 Qc5+ 31. Bf2 Qh5 32. Qxh4 Rd1+ 33. Rxd1 Qxd1+ 34. Kg2 Qc2 35. c5 Qxa2 36. c6 Qd5+ 37. Kg1 Qxc6 38. Qd8+ Kh7 39. Qd3+ g6 40. Bd4 Qc1+ 41. Kg2 Qg5+ 42. Kf1 Qf4+ 43. Kg1 Qc1+ 44. Kg2 Qg5+ 45. Qg3 Qd2+ 46. Qf2 Qg5+ 47. Kf1 Qc1+ 48. Ke2 Qc4+ 49. Ke3 Qd5 50. Qh4+ Qh5 51. Qf6 Qh3+ 52. Ke4 Qg4+ 53. Ke5 Qe2+ 54. Kd6 Qxh2+ 55. Ke7 Qc7+ 56. Ke8 Qc8+ 57. Kxf7 Qc7+ 58. Kxe6 Qc6+ 59. Kf7 Qxf6+ 60. Bxf6 g5 61. Be5 g4 62. Bg3 Kh6 63. Ke6 Kg5 64. Ke5 Kg6 65. Kf4 Kf6 66. Kxg4 1/2-1/2


[Site "https://www.chess.com"]

[Event "Titled Tuesday Blitz March 01 Early 2022"]
[White "Arabidze, Meri"]
[Black "Manukyan, Sargis A."]
[WhiteFideId "13604040"]
[BlackFideId "13303970"]
[WhiteElo "2329"]
[BlackElo "2187"]
[Result "0-1"]
[Round "02"]
[TimeControl "180+1"]
[Date "2022.03.01"]
[WhiteClock "0:00:03"]
[BlackClock "0:00:05"]

1. d4 d5 2. c4 e6 3. Nf3 Nf6 4. g3 Be7 5. Bg2 O-O 6. O-O dxc4 7. Qc2 a6 8. a4 Bd7 9. Qxc4 Bc6 10. Nc3 b5 11. Qd3 b4 12. Nd1 Be4 13. Qb3 a5 14. Bf4 c5 15. dxc5 Na6 16. Ne5 Nxc5 17. Qc4 Bxg2 18. Kxg2 Qd5+ 19. Qxd5 Nxd5 20. Ne3 Nxf4+ 21. gxf4 Bf6 22. N3c4 Rfd8 23. e3 Bxe5 24. fxe5 Nb3 25. Rad1 Kf8 26. Rd6 Ke7 27. Rfd1 f6 28. Nb6 Rab8 29. Rd7+ Rxd7 30. Rxd7+ Ke8 31. Rd6 Ke7 32. Rc6 fxe5 33. Nc4 Kf6 34. Kf3 Rd8 35. Kg2 Rd1 36. Ra6 Ra1 37. Nb6 Ra2 38. Nd7+ Ke7 39. Nxe5 Rxb2 40. Nc4 Ra2 41. Ra7+ Kf6 42. Nb6 Nc5 43. Rc7 Nxa4 44. Nd7+ Kg6 45. Ne5+ Kf5 46. Nc4 Nc3 47. Rf7+ Kg6 48. Ne5+ Kh6 49. Ng4+ Kg5 50. Kf3 g6 51. Rxh7 e5 52. h4+ Kf5 53. Re7 e4+ 54. Kg3 Ne2+ 55. Kh3 Ng1+ 56. Kg3 Ne2+ 57. Kh3 Ng1+ 58. Kg3 g5 59. Re5+ Kg6 60. Rxg5+ Kf7 61. Rb5 Ne2+ 62. Kh3 Nc3 63. Ne5+ Ke6 64. Kg3 Nxb5 0-1


[Site "https://www.chess.com"]

[Event "Titled Tuesday Blitz March 01 Early 2022"]
[White "Asadli, Vugar"]
[Black "Vantika, Agrawal"]
[WhiteFideId "13405764"]
[BlackFideId "25050389"]
[WhiteElo "2635"]
[BlackElo "2075"]
[Result "1-0"]
[Round "02"]
[TimeControl "180+1"]
[Date "2022.03.01"]
[WhiteClock "0:01:39"]
[BlackClock "0:00:02"]

1. e4 c5 2. Nc3 d6 3. Bb5+ Bd7 4. Bxd7+ Qxd7 5. d4 cxd4 6. Qxd4 Nc6 7. Qd3 g6 8. Nf3 Bg7 9. Bg5 Nf6 10. O-O-O Ng4 11. Bh4 Rc8 12. Nd5 Nge5 13. Nxe5 Nxe5 14. Qb3 Nc6 15. Kb1 O-O 16. f4 Rfe8 17. f5 gxf5 18. Qh3 Ne5 19. exf5 Qa4 20. f6 Qxc2+ 21. Ka1 exf6 22. Bxf6 Qg6 23. Ne7+ Rxe7 24. Qxc8+ Bf8 25. Bxe7 1-0


[Site "https://www.chess.com"]

[Event "Titled Tuesday Blitz March 01 Early 2022"]
[White "Aydin, Gulenay"]
[Black "Izoria, Zviad"]
[WhiteFideId "34557431"]
[BlackFideId "13601733"]
[WhiteElo "1429"]
[BlackElo "2626"]
[Result "0-1"]
[Round "02"]
[TimeControl "180+1"]
[Date "2022.03.01"]
[WhiteClock "0:00:15"]
[BlackClock "0:00:18"]

1. e4 c5 2. Nf3 a6 3. c3 e6 4. d4 d5 5. exd5 exd5 6. Bd3 c4 7. Bc2 Bd6 8. O-O Ne7 9. Re1 O-O 10. Nbd2 Nbc6 11. Nf1 Bf5 12. Ng3 Bxc2 13. Qxc2 f6 14. Bd2 Qd7 15. Re2 b5 16. Rae1 Rae8 17. Nh4 Bxg3 18. hxg3 g5 19. Nf5 Ng6 20. g4 Rxe2 21. Rxe2 Re8 22. Qd1 Rxe2 23. Qxe2 Nge7 24. Ne3 Qe6 25. Qf3 Kg7 26. Kf1 Kg6 27. b3 cxb3 28. axb3 a5 29. c4 bxc4 30. bxc4 Nxd4 31. Qd1 dxc4 32. Bxa5 Ndc6 33. Qc2+ Kg7 34. Bc3 Nd5 35. Bd2 Nxe3+ 36. Bxe3 Qxg4 37. Qd2 Qe6 38. Qc3 h6 39. Qb2 Kg6 40. Ke2 Qd5 41. Qc2+ f5 42. Qb2 f4 43. Qb1+ Qd3+ 44. Qxd3+ cxd3+ 45. Kxd3 fxe3 46. Kxe3 Kf5 47. Kf3 Ne5+ 48. Kg3 h5 49. Kh3 h4 50. Kh2 g4 51. g3 h3 52. Kh1 Ke4 53. Kg1 Kf3 54. Kh2 Kxf2 55. Kh1 Kxg3 56. Kg1 Nd3 57. Kh1 Nf2+ 58. Kg1 h2+ 59. Kf1 h1=Q+ 0-1


[Site "https://www.chess.com"]

[Event "Titled Tuesday Blitz March 01 Early 2022"]
[White "Babazada, Khazar"]
[Black "Rozhkov, Viacheslav"]
[WhiteFideId "13413554"]
[BlackFideId "4181484"]
[WhiteElo "2418"]
[BlackElo "2324"]
[Result "1-0"]
[Round "02"]
[TimeControl "180+1"]
[Date "2022.03.01"]
[WhiteClock "0:00:07"]
[BlackClock "0:00:04"]

1. e4 c5 2. Nf3 d6 3. d4 cxd4 4. Nxd4 Nf6 5. Nc3 Nc6 6. Bb5 Bd7 7. O-O g6 8. Be3 Bg7 9. f3 O-O 10. Be2 Rc8 11. Qd2 Ne5 12. Kh1 Nc4 13. Bxc4 Rxc4 14. b3 Rc8 15. Rac1 a6 16. Rfd1 b5 17. Nd5 Nxd5 18. exd5 Qc7 19. c3 Qb7 20. Ne2 a5 21. Bh6 a4 22. Bxg7 Kxg7 23. Qe3 Rfe8 24. Rd4 axb3 25. axb3 Qa7 26. Qd2 Ra8 27. Ng3 Qa2 28. Qg5 h6 29. Qe3 Qxb3 30. Rh4 g5 31. Nh5+ Kh7 32. Qd4 f6 33. Re4 Qb2 34. Rce1 Ra2 35. Rxe7+ Rxe7 36. Rxe7+ Kg6 37. Qxf6+ Kxh5 38. Qf7+ Kh4 39. Re4+ g4 40. Qf6+ Kh5 41. Qf7+ Kh4 42. g3+ Kg5 43. f4# 1-0


[Site "https://www.chess.com"]

[Event "Titled Tuesday Blitz March 01 Early 2022"]
[White "Bashirli, Saadat"]
[Black "Shubenkova, Veronika"]
[WhiteFideId "13429990"]
[BlackFideId "44124040"]
[WhiteElo "1173"]
[BlackElo "1938"]
[Result "0-1"]
[Round "02"]
[TimeControl "180+1"]
[Date "2022.03.01"]
[WhiteClock "0:00:50"]
[BlackClock "0:01:52"]

1. d4 d5 2. Bg5 h6 3. Bf4 e6 4. Nf3 Bd6 5. Bxd6 Qxd6 6. e3 Qb4+ 7. Nbd2 Qxb2 8. Bd3 Nf6 9. O-O Qa3 10. Ne5 Nbd7 11. f4 c5 12. Qf3 c4 13. Be2 O-O 14. g4 Qc3 15. Rac1 Qxd2 16. g5 Nxe5 17. fxe5 Ne4 18. gxh6 Nc3 19. Rce1 f5 20. exf6 Rxf6 21. Qg4 Qxe3+ 22. Kh1 Rxf1+ 23. Rxf1 Qe4+ 24. Qxe4 Nxe4 25. Rg1 g5 26. h4 Bd7 27. hxg5 Kh7 28. Bh5 Rg8 29. Bf3 Nxg5 30. Be2 Kxh6 31. Kh2 Be8 0-1


[Site "https://www.chess.com"]

[Event "Titled Tuesday Blitz March 01 Early 2022"]
[White "Batsiashvili, Nino"]
[Black "Fajdetic, Hrvoje"]
[WhiteFideId "13602993"]
[BlackFideId "14501945"]
[WhiteElo "2230"]
[BlackElo "2140"]
[Result "1/2-1/2"]
[Round "02"]
[TimeControl "180+1"]
[Date "2022.03.01"]
[WhiteClock "0:00:50"]
[BlackClock "0:00:13"]

1. d4 e6 2. c4 f5 3. Nc3 Nf6 4. g3 Bb4 5. Bg2 Bxc3+ 6. bxc3 O-O 7. c5 b6 8. Bxa8 c6 9. cxb6 axb6 10. Bf4 d6 11. Rb1 Nd5 12. Qb3 Ba6 13. c4 Nxf4 14. gxf4 b5 15. cxb5 Bxb5 16. a4 Ba6 17. Qxe6+ Kh8 18. Qb3 Re8 19. e3 Qa5+ 20. Qb4 Qd5 21. Qxb8 Rc8 22. Qa7 Qc4 23. Kd2 Qd3+ 24. Kc1 Qc3+ 25. Kd1 Qd3+ 26. Kc1 Qc3+ 27. Kd1 Qd3+ 28. Kc1 1/2-1/2


[Site "https://www.chess.com"]

[Event "Titled Tuesday Blitz March 01 Early 2022"]
[White "Bethke, Richard"]
[Black "Tanenbaum, Zachary"]
[WhiteFideId "12959243"]
[BlackFideId "2060850"]
[WhiteElo "2522"]
[BlackElo "2168"]
[Result "1/2-1/2"]
[Round "02"]
[TimeControl "180+1"]
[Date "2022.03.01"]
[WhiteClock "0:00:04"]
[BlackClock "0:00:08"]

1. e4 e5 2. Nf3 Nc6 3. Bc4 Nf6 4. d3 Be7 5. O-O O-O 6. Re1 d6 7. a4 Be6 8. Na3 h6 9. Bxe6 fxe6 10. Nc4 Qe8 11. c3 Nh5 12. d4 exd4 13. Nxd4 Nxd4 14. cxd4 Qg6 15. Qb3 b6 16. a5 Bg5 17. Bxg5 Qxg5 18. axb6 axb6 19. Rxa8 Rxa8 20. Ne3 Nf4 21. g3 Qg6 22. d5 Rf8 23. Rf1 Ne2+ 24. Kg2 Qxe4+ 25. f3 Qg6 26. dxe6 Nf4+ 27. Kf2 Nd3+ 28. Ke2 Nc5 29. Qc4 Nxe6 30. f4 Qf7 31. f5 Nc5 32. Qxf7+ Kxf7 33. b4 Ne4 34. Kd3 Nf6 35. Rc1 c5 36. Nc4 Nd5 37. Nxd6+ Ke7 38. bxc5 bxc5 39. Ne4 Rxf5 40. Rxc5 Ke6 41. Rc8 Nb4+ 42. Ke3 Nd5+ 43. Kd4 Ne7 44. Re8 Kd7 45. Rh8 Rf1 46. h4 Rg1 47. Rh7 Nf5+ 48. Ke5 Rf1 49. g4 Nxh4 50. Rxg7+ Kc6 51. Rh7 Nf3+ 52. Ke6 Ng5+ 53. Nxg5 hxg5 54. Rh5 Re1+ 55. Kf5 Kd6 56. Rxg5 Ke7 57. Rg7+ Kf8 58. Ra7 Rb1 59. g5 Rb6 60. Kg4 Rc6 61. Kh5 Kg8 62. Re7 Rb6 63. Kg4 Ra6 64. Kf5 Rb6 65. Re5 Ra6 66. Kg4 Rb6 67. Kh5 Ra6 68. Rf5 Rb6 69. g6 Rb1 70. Kg5 Rb6 71. Kh6 Rb8 72. Rd5 Ra8 73. Rd7 Rb8 74. Rg7+ Kh8 75. Re7 Kg8 76. Kg5 Ra8 77. Kf6 Rb8 78. Rf7 Ra8 79. Rg7+ Kh8 80. Rf7 Kg8 81. Kg5 Rb8 82. Rf5 Kg7 83. Rf7+ Kg8 84. Rc7 Ra8 85. Kh6 Rb8 86. Re7 Rc8 87. g7 Rc6+ 88. Kg5 Rg6+ 89. Kxg6 1/2-1/2


[Site "https://www.chess.com"]

[Event "Titled Tuesday Blitz March 01 Early 2022"]
[White "Bilan, Danila"]
[Black "Quirke, Jeffrey"]
[WhiteFideId "24161918"]
[BlackFideId "2013029"]
[WhiteElo "2164"]
[BlackElo "2151"]
[Result "1-0"]
[Round "02"]
[TimeControl "180+1"]
[Date "2022.03.01"]
[WhiteClock "0:00:21"]
[BlackClock "0:00:03"]

1. d4 Nf6 2. Nf3 e6 3. g3 d5 4. Bg2 b5 5. O-O Nbd7 6. a4 b4 7. c4 bxc3 8. bxc3 Ba6 9. Re1 Be7 10. Ba3 O-O 11. Nbd2 c6 12. e4 Bxa3 13. Rxa3 Nb6 14. a5 Nc4 15. Nxc4 Bxc4 16. Ne5 Bb5 17. exd5 cxd5 18. c4 Ba6 19. c5 Qc7 20. Ree3 Rab8 21. Reb3 h6 22. Rxb8 Rxb8 23. Rb3 Rxb3 24. Qxb3 Qxa5 25. Qb8+ Kh7 26. Qb1+ Kg8 27. c6 Ne8 28. Bf1 Bxf1 29. Kxf1 Qb6 30. Qc2 f6 31. Qg6 Nd6 32. Nd7 Qxc6 33. Nxf6+ Kf8 34. Nh7+ Kg8 35. Nf6+ Kf8 36. Nh5 Nf5 37. Nf4 Nxd4 38. Kg2 Qd6 39. Qd3 Qe5 40. Ng6+ 1-0


[Site "https://www.chess.com"]

[Event "Titled Tuesday Blitz March 01 Early 2022"]
[White "Bintang, Rasyid A. Hidayat"]
[Black "Terzi, Alexei"]
[WhiteFideId "7105355"]
[BlackFideId "13505076"]
[WhiteElo "2347"]
[BlackElo "2031"]
[Result "0-1"]
[Round "02"]
[TimeControl "180+1"]
[Date "2022.03.01"]
[WhiteClock "0:01:29"]
[BlackClock "0:02:08"]

1. d4 Nf6 2. Bf4 d5 3. e3 e6 4. Nd2 Bd6 5. Ngf3 O-O 6. Bd3 Qe7 7. O-O Nbd7 8. Ne5 Ne8 9. Qh5 g6 10. Qh3 f6 11. Nef3 e5 12. dxe5 fxe5 13. Bg5 Ndf6 14. Qh4 e4 15. Bxe4 dxe4 16. Nxe4 Qxe4 17. Bxf6 Nxf6 18. Qh6 Ng4 19. Qh4 Rxf3 20. gxf3 Qxf3 0-1


[Site "https://www.chess.com"]

[Event "Titled Tuesday Blitz March 01 Early 2022"]
[White "Bogumil, Tatiana"]
[Black "Rengifo Blancas, Renzo Jhonathan"]
[WhiteFideId "4110579"]
[BlackFideId "3807185"]
[WhiteElo "1862"]
[BlackElo "2058"]
[Result "0-1"]
[Round "02"]
[TimeControl "180+1"]
[Date "2022.03.01"]
[WhiteClock "0:01:16"]
[BlackClock "0:00:21"]

1. Nf3 Nf6 2. c4 c6 3. b3 d5 4. Bb2 g6 5. g3 Bg7 6. Bg2 O-O 7. O-O Re8 8. d3 a5 9. a3 Nbd7 10. Nbd2 e5 11. e4 d4 12. b4 axb4 13. axb4 Rxa1 14. Qxa1 b5 15. c5 Qc7 16. Qa2 Nf8 17. Ra1 Be6 18. Qa7 Qxa7 19. Rxa7 N6d7 20. Ng5 Nb8 21. Nxe6 Nxe6 22. h4 Bf8 23. Nb3 Re7 24. Ra8 Re8 25. Bc1 f6 26. Bh3 Kf7 27. f4 Be7 28. f5 Nc7 29. fxg6+ hxg6 30. Na5 Nxa8 0-1


[Site "https://www.chess.com"]

[Event "Titled Tuesday Blitz March 01 Early 2022"]
[White "Boraso, Alessio"]
[Black "Seo, Jung Min"]
[WhiteFideId "848077"]
[BlackFideId "1734687"]
[WhiteElo "2277"]
[BlackElo "2401"]
[Result "0-1"]
[Round "02"]
[TimeControl "180+1"]
[Date "2022.03.01"]
[WhiteClock "0:00:01"]
[BlackClock "0:00:17"]

1. e4 c6 2. d4 d5 3. Nc3 dxe4 4. f3 exf3 5. Nxf3 Nf6 6. Bc4 Bf5 7. O-O e6 8. Ng5 Bg4 9. Nxf7 Qe7 10. Qxg4 Nxg4 11. Nxh8 Nf6 12. Re1 Kd7 13. Bg5 Qb4 14. Bxe6+ Kc7 15. Nf7 Qxd4+ 16. Kh1 Na6 17. Rad1 Qb4 18. a3 Qa5 19. Bf4+ Kb6 20. b4 Qxa3 21. Rd3 Nxb4 22. Nd5+ Nbxd5 23. Rb1+ Qb4 24. Rdb3 Nxf4 25. Rxb4+ Bxb4 26. Rxb4+ Kc5 27. Rxf4 Re8 28. Rc4+ Kb6 29. Rb4+ Ka5 30. Rxb7 Rxe6 31. Rxa7+ Kb6 32. Ra1 h6 33. Nd8 Re7 34. Rb1+ Kc7 35. Nb7 Re2 36. Nc5 g5 37. Rf1 Nd5 38. Nd3 Rxc2 39. h4 gxh4 40. Rf6 Ne3 41. Ne5 c5 42. Rxh6 c4 43. Rxh4 c3 44. Nc4 Nxg2 0-1


[Site "https://www.chess.com"]

[Event "Titled Tuesday Blitz March 01 Early 2022"]
[White "Borisova, Ekaterina"]
[Black "Alfaro, William"]
[WhiteFideId "34124184"]
[BlackFideId "6100457"]
[WhiteElo "2034"]
[BlackElo "2066"]
[Result "1-0"]
[Round "02"]
[TimeControl "180+1"]
[Date "2022.03.01"]
[WhiteClock "0:00:03"]
[BlackClock "0:00:02"]

1. d4 Nf6 2. c4 g6 3. Nc3 Bg7 4. e4 d6 5. h3 O-O 6. Nf3 e5 7. d5 a5 8. g4 Na6 9. Be3 Nd7 10. h4 Ndc5 11. Nd2 f5 12. gxf5 gxf5 13. h5 f4 14. Bxc5 Nxc5 15. Qf3 Bh6 16. O-O-O Kh8 17. Rg1 Bd7 18. Kc2 Rg8 19. Bh3 Bxh3 20. Qxh3 Qe7 21. Nf3 c6 22. Nh4 Bg5 23. Nf5 Qf6 24. dxc6 bxc6 25. Rxd6 Qf7 26. Rxc6 Qxc4 27. b3 Qb4 28. Nd6 Raf8 29. h6 f3 30. Qh5 Qd4 31. Rxg5 Qxf2+ 32. Kb1 Qe1+ 33. Kc2 Qf2+ 34. Kb1 Qe1+ 35. Kb2 Qd2+ 36. Ka3 Qxg5 37. Nf7+ Rxf7 38. Qxf7 Qf4 39. Qxf4 exf4 40. Rf6 Nd3 41. Nd1 Rg6 42. Rf8+ Rg8 43. Rf5 Rc8 44. Ka4 Kg8 45. Kxa5 Ra8+ 46. Kb6 Rxa2 47. e5 f2 48. Nxf2 Rxf2 49. e6 Re2 50. Rf6 f3 51. Rxf3 Rxe6+ 52. Kc7 Ne5 53. Rg3+ Kf8 54. b4 Rxh6 55. b5 Nc4 56. Rg4 Nb6 57. Rd4 Rf6 58. Rd8+ Kg7 59. Rb8 Nc4 60. Rd8 Kg6 61. Rd4 Ne5 62. b6 1-0


[Site "https://www.chess.com"]

[Event "Titled Tuesday Blitz March 01 Early 2022"]
[White "Brodowski, Piotr"]
[Black "Sarana, Alexey"]
[WhiteFideId "1124480"]
[BlackFideId "24133795"]
[WhiteElo "2650"]
[BlackElo "2977"]
[Result "1-0"]
[Round "02"]
[TimeControl "180+1"]
[Date "2022.03.01"]
[WhiteClock "0:00:13"]
[BlackClock "0:00:08"]

1. c4 e5 2. Nc3 Nf6 3. g3 c6 4. Nf3 e4 5. Nd4 Bc5 6. Nb3 Bb6 7. Bg2 d5 8. cxd5 cxd5 9. O-O O-O 10. d3 exd3 11. Qxd3 d4 12. Na4 Nc6 13. Bg5 Ne5 14. Qd2 d3 15. Nxb6 axb6 16. exd3 Bh3 17. f4 Bxg2 18. Qxg2 Neg4 19. Qf3 Re8 20. Rfe1 h6 21. Bh4 Rxe1+ 22. Rxe1 Qd6 23. h3 Rxa2 24. hxg4 Rxb2 25. d4 Qb4 26. Re3 Qc4 27. Bxf6 gxf6 28. Rc3 Qe6 29. Qe3 Qxg4 30. Nd2 Qd1+ 31. Nf1 Rb1 32. Qf3 Qe1 33. Qg4+ Kf8 34. Rc8+ Ke7 35. Qf3 Kd7 36. Qxb7+ Ke6 37. Re8+ Kf5 38. Rxe1 Rxe1 39. Qd5+ Kg6 40. Qg2 h5 41. Qf2 Re7 42. Kg2 b5 43. Ne3 b4 44. Qc2+ Kg7 45. Nf5+ 1-0


[Site "https://www.chess.com"]

[Event "Titled Tuesday Blitz March 01 Early 2022"]
[White "Bryakin, Mikhail"]
[Black "Janaszak, Dawid"]
[WhiteFideId "4165314"]
[BlackFideId "1119206"]
[WhiteElo "2421"]
[BlackElo "2199"]
[Result "1-0"]
[Round "02"]
[TimeControl "180+1"]
[Date "2022.03.01"]
[WhiteClock "0:01:49"]
[BlackClock "0:00:10"]

1. e4 c5 2. Nc3 e6 3. g3 d5 4. d3 dxe4 5. dxe4 Qxd1+ 6. Nxd1 Nc6 7. c3 h5 8. Nf3 Nf6 9. Nd2 b6 10. Ne3 Bb7 11. h3 Ne5 12. Bg2 O-O-O 13. f4 Nd3+ 14. Ke2 h4 15. e5 Nxc1+ 16. Raxc1 Bxg2 17. Nxg2 Nh5 18. Ne4 Nxg3+ 19. Nxg3 hxg3 20. h4 Be7 21. Rcf1 Rh6 22. Rh3 Rdh8 23. Rxg3 g6 24. Rh1 Bxh4 25. Rgh3 Bg5 26. Rxh6 Rxh6 27. Rxh6 Bxh6 28. Kf3 g5 29. fxg5 Bxg5 30. c4 Kb7 31. Ne1 Kc6 32. Nd3 b5 33. b3 a5 34. a4 bxa4 35. bxa4 Kb6 36. Ke4 Kc6 37. Kf3 Kb6 38. Nf2 Bc1 39. Ng4 Bb2 40. Ke4 Kc7 41. Nh6 f5+ 42. exf6 Bxf6 43. Ng4 Bd4 44. Nh2 Kd6 45. Nf3 e5 46. Kf5 Ke7 47. Nxe5 Kd6 48. Nf3 Bc3 49. Ng5 Bd4 50. Ne4+ Kc6 51. Ke6 Be3 52. Nd6 Bg1 53. Nf5 Bf2 54. Ne7+ Kb6 55. Kd5 Bg1 56. Nf5 Bf2 57. Nd6 Bg1 58. Ne8 Bf2 59. Nf6 Bg1 60. Nd7+ Kc7 61. Nxc5 Kb6 62. Nd7+ Kc7 63. Ne5 Kb6 64. Nc6 Bf2 65. Nd4 Bg1 66. Ne6 Bf2 67. c5+ Kb7 68. Kd6 Bg3+ 69. Kd7 Ka6 70. c6 Kb6 71. c7 Bxc7 72. Nxc7 Kc5 73. Na8 Kb4 74. Nb6 Kc5 75. Kc7 Kb4 76. Kb7 Kc5 77. Ka6 Kb4 78. Kb7 Kc5 79. Ka7 Kb4 80. Ka6 Kc5 81. Kxa5 Kc6 82. Ka6 Kc7 83. a5 Kb8 84. Nc4 Ka8 85. Kb5 Kb8 86. a6 Ka8 87. Kb6 Kb8 88. Ne3 Ka8 89. Nd5 Kb8 90. Nc7 1-0


[Site "https://www.chess.com"]

[Event "Titled Tuesday Blitz March 01 Early 2022"]
[White "Budrewicz, Krzysztof"]
[Black "Panesar Vedant"]
[WhiteFideId "1127950"]
[BlackFideId "35033018"]
[WhiteElo "2248"]
[BlackElo "1971"]
[Result "1-0"]
[Round "02"]
[TimeControl "180+1"]
[Date "2022.03.01"]
[WhiteClock "0:01:15"]
[BlackClock "0:00:16"]

1. d4 Nf6 2. c4 e6 3. Nf3 d5 4. Nc3 a6 5. a4 dxc4 6. e4 Bb4 7. Bg5 h6 8. Bxf6 Qxf6 9. Bxc4 c5 10. Rc1 O-O 11. O-O cxd4 12. Qxd4 Qxd4 13. Nxd4 Bd7 14. Rfd1 Bxc3 15. Rxc3 Bxa4 16. b3 Bc6 17. f3 g6 18. b4 Rd8 19. Rcd3 Kg7 20. Nxe6+ fxe6 21. Rxd8 Ba4 22. R1d2 b6 23. Rc8 Bb5 24. Bxb5 axb5 25. Kf2 Kf7 26. Kg3 Ke7 27. e5 g5 28. h3 h5 29. h4 gxh4+ 30. Kxh4 Kf7 31. Rdd8 Ra4 32. Rxb8 Rxb4+ 33. Kxh5 Ke7 34. Rg8 Kf7 35. Rgc8 Rc4 36. Rb7+ 1-0


[Site "https://www.chess.com"]

[Event "Titled Tuesday Blitz March 01 Early 2022"]
[White "Buker, Muhittin"]
[Black "Mikhnenko, Alexander"]
[WhiteFideId "6301770"]
[BlackFideId "34143014"]
[WhiteElo "1917"]
[BlackElo "2140"]
[Result "0-1"]
[Round "02"]
[TimeControl "180+1"]
[Date "2022.03.01"]
[WhiteClock "0:02:22"]
[BlackClock "0:01:45"]

1. d4 Nf6 2. c4 g6 3. Nc3 Bg7 4. e4 d6 5. Nf3 O-O 6. Be2 c5 7. O-O Nc6 8. d5 Ne5 9. Ne1 Ne8 10. Be3 a6 11. a4 b6 12. f4 Nd7 13. Qd2 Rb8 14. Nc2 Nc7 15. g4 Nf6 16. e5 Nxg4 17. Bxg4 Bxg4 18. Qg2 Bf5 19. exd6 exd6 20. Rac1 Re8 21. Bf2 Qd7 22. Bg3 Bh3 23. Qf2 Bxf1 24. Rxf1 b5 25. axb5 axb5 26. cxb5 Nxb5 27. Nxb5 Rxb5 28. f5 Rxb2 29. f6 Bf8 30. Qd2 Qa4 31. Rf2 Rb1+ 32. Kg2 Qe4+ 33. Rf3 Rb2 34. Qe3 Rxc2+ 0-1


[Site "https://www.chess.com"]